 Dungeon Crawl Stone Soup version 0.22.0-32-gbc6daba (webtiles) character file.

648510 Gorice the Slayer (level 27, 0/316 HPs)
             Began as a Demonspawn Wanderer on Aug 22, 2018.
             Was the Champion of Okawaru.
             Killed from afar by a ynoxinul (5 damage)
             ... with an iron shot
             ... on level 4 of the Abyss on Aug 23, 2018.
             The game lasted 07:25:46 (84222 turns).

Gorice the Slayer (Demonspawn Wanderer)            Turns: 84222, Time: 07:25:47

Health: 0/316      AC: 47    Str: 27    XL:     27
Magic:  25/32      EV: 12    Int: 22    God:    Okawaru [******]
Gold:   6953       SH:  0    Dex: 12    Spells: 18/44 levels left

rFire    + . .     SeeInvis +   a - +9 triple sword (freeze)
rCold    . . .     Gourm    .   (shield currently unavailable)
rNeg     + . .     Faith    +   h - +8 orange crystal plate armour {Archmagi, Int+3 Clar}
rPois    +         Spirit   .   j - +1 helmet of Absence {rPois MR++ Str+4}
rElec    +         Reflect  .   e - +2 cloak {+Inv}
rCorr    .         Harm     .   p - +1 pair of gloves "Takk" {+Blink Str+3 SInv}
MR       +++++     Clarity  +   (boots unavailable) Stlth ..........Rnd*Tele +
                                X - amulet of the Skies Above {Faith rPois MR++}
HPRegen  0.00/turn              T - ring "Ybluqiyteo" {rElec rF+ rN+ MR+ Int+3 Stlth+}
MPRegen  0.23/turn              P - +5 ring of protection

@: lethally poisoned (0 -> -4), weakened, hasted, very quick
A: talons 3, rugged brown scales 3, blurry vision 1[+1], clarity, [clumsy 1],
[deformed body], foul stench 2, low mp 1, robust 3, [screaming 2], inhibited
regeneration, spiny 3, [teleportitis 1], weak 1, rot immunity, [subdued magic 3]
}: 4/15 runes: decaying, serpentine, slimy, silver
a: Heroism, Finesse, Renounce Religion, Evoke Blink, Evoke Invisibility


You were on level 4 of the Abyss.
You worshipped Okawaru.
Okawaru was exalted by your worship.
You were not hungry.

You visited 12 branches of the dungeon, and saw 54 of its levels.
You visited the Abyss 2 times.
You also visited: Ice Cave and Desolation.

You collected 8258 gold pieces.
You spent 1305 gold pieces at shops.

Inventory:

Hand Weapons
 a - a +9 triple sword of freezing (weapon)
   (Okawaru gifted it to you on level 5 of the Vaults)
Missiles
 r - 12 steel javelins (quivered)
 Z - 7 throwing nets {!f}
Armour
 e - a +2 cloak of invisibility (worn)
   (You found it on level 11 of the Dungeon)
 h - the +8 orange crystal plate armour (worn) {Archmagi, Int+3 Clar}
   (You found it on level 3 of the Crypt)

   It affects your intelligence (+3).
   It protects you against confusion.
 j - the +1 helmet of Absence (worn) {rPois MR++ Str+4}
   (You bought it in a shop on level 4 of the Snake Pit)

   It affects your strength (+4).
   It protects you from poison.
   It affects your resistance to hostile enchantments.
 p - the +1 pair of gloves "Takk" (worn) {+Blink Str+3 SInv}
   (Okawaru gifted it to you on level 3 of the Vaults)

   It affects your strength (+3).
   It lets you see invisible.
   It lets you blink.
Jewellery
 s - a +5 ring of slaying
 F - an uncursed ring of flight
 K - the ring of Xummarhelet {rC+ MP+9 Int+6 SInv}
   (You found it on level 5 of the Pits of Slime)

   [ring of see invisible]

   It affects your intelligence (+6).
   It protects you from cold.
   It affects your magic capacity (+9).
   It lets you see invisible.
 P - a +5 ring of protection (right hand)
 T - the ring "Ybluqiyteo" (left hand) {rElec rF+ rN+ MR+ Int+3 Stlth+}
   (You found it in the Desolation of Salt)

   [ring of intelligence]

   It affects your intelligence (+3).
   It protects you from fire.
   It insulates you from electricity.
   It protects you from negative energy.
   It affects your resistance to hostile enchantments.
   It makes you more stealthy.
 X - the amulet of the Skies Above (around neck) {Faith rPois MR++}
   (You found it in the Desolation of Salt)

   [amulet of faith]

   It allows you to gain divine favour quickly.
   It protects you from poison.
   It affects your resistance to hostile enchantments.
Wands
 k - a wand of acid (34)
 o - a wand of scattershot (9)
 A - a wand of clouds (13)
 U - a wand of digging (29)
Scrolls
 b - 2 scrolls of identify
 c - 7 scrolls of fear {!r}
 i - 2 scrolls of summoning {!r}
 m - a scroll of enchant weapon
 u - 26 scrolls of teleportation {!r}
 w - 22 scrolls of remove curse
 D - 4 scrolls of blinking
 H - 9 scrolls of fog
 M - 14 scrolls of magic mapping {!r}
Potions
 g - 6 potions of brilliance {!q}
 l - 16 potions of curing
 q - 11 potions of heal wounds {!q}
 v - 7 potions of agility {!q}
 C - 6 potions of haste {!q}
 J - 3 potions of berserk rage
 L - 5 potions of cancellation {!q}
 V - 9 potions of might {!q}
 W - 4 potions of mutation {!q}
 Y - 3 potions of invisibility {!q}
Miscellaneous
 d - 4 boxes of beasts
 n - 3 phantom mirrors
Comestibles
 f - 65 rations


   Skills:
 - Level 22.0 Fighting
 - Level 20.0 Long Blades
   Level 4.2 Maces & Flails
   Level 1.0 Bows
 - Level 10.0 Throwing
 - Level 22.0 Armour
 - Level 12.0 Dodging
 - Level 1.0 Stealth
 + Level 9.2 Spellcasting
 + Level 9.7 Hexes
 + Level 9.1 Charms
 + Level 10.6 Necromancy
 + Level 9.0 Transmutations
 - Level 12.0 Invocations
 - Level 12.0 Evocations


You had 18 spell levels left.
You knew the following spells:

 Your Spells              Type           Power        Failure   Level  Hunger
m - Summon Mana Viper     Hex/Summ       ###.....     88%         5    ####...
p - Portal Projectile     Hex/Tloc       ###...       16%         3    None
w - Spectral Weapon       Hex/Chrm       #####...     1%          3    None
A - Apportation           Tloc           #.....       43%         1    None
B - Summon Butterflies    Summ           #.......     43%         1    None
J - Blink                 Tloc           N/A          58%         2    None
L - Necromutation         Tmut/Necr      #####.....   100%        8    #######
R - Regeneration          Chrm/Necr      #####.....   1%          3    None

Your spell library contained the following spells:

 Spells                   Type           Power        Failure   Level  Hunger
 Animate Skeleton         Necr           N/A          1%          1    None
 Beastly Appendage        Tmut           #####.       1%          1    None
 Confusing Touch          Hex            #####.       1%          1    None
 Corona                   Hex            #####..      1%          1    None
 Infusion                 Chrm           ####         1%          1    None
 Pain                     Necr           ####         1%          1    None
 Corpse Rot               Necr           N/A          1%          2    None
 Slow                     Hex            #####...     1%          2    None
 Song of Slaying          Chrm           #####...     1%          2    None
 Sticks to Snakes         Tmut           #####...     1%          2    None
 Sublimation of Blood     Necr           #####.....   1%          2    None
 Confuse                  Hex            #####...     1%          3    None
 Tukima's Dance           Hex            #####...     1%          3    None
 Vampiric Draining        Necr           #####.....   1%          3    None
 Animate Dead             Necr           N/A          4%          4    ##.....
 Cause Fear               Hex            #####.....   6%          4    ##.....
 Passwall                 Tmut/Erth      ###.....     9%          2    None
 Shroud of Golubria       Chrm/Tloc      ###.......   9%          2    None
 Swiftness                Chrm/Air       ###.....     9%          2    None
 Agony                    Necr           #####...     14%         5    ####...
 Dispel Undead            Necr           #####...     14%         5    ####...
 Inner Flame              Hex/Fire       ###.....     16%         3    None
 Summon Guardian Golem    Hex/Summ       ###.....     16%         3    None
 Ozocubu's Armour         Chrm/Ice       ###.....     19%         3    None
 Spider Form              Tmut/Pois      ###.......   19%         3    None
 Excruciating Wounds      Chrm/Necr      #####.....   21%         5    ####...
 Yara's Violent Unravell  Hex/Tmut       #####.....   24%         5    ####...
 Blade Hands              Tmut           #####.....   28%         5    ####...
 Ignite Poison            Fire/Tmut/Pois ###.....     36%         3    None
 Flame Tongue             Conj/Fire      #....        43%         1    None
 Freeze                   Ice            #...         43%         1    None
 Magic Dart               Conj           #...         43%         1    None
 Sandblast                Erth           #.....       43%         1    None
 Shock                    Conj/Air       #...         43%         1    None
 Sting                    Conj/Pois      #...         43%         1    None
 Summon Small Mammal      Summ           #...         43%         1    None
 Leda's Liquefaction      Hex/Erth       ###.......   52%         4    ##.....
 Call Imp                 Summ           #.......     58%         2    None
 Poisonous Vapours        Pois/Air       #.....       58%         2    None
 Throw Flame              Conj/Fire      #.....       58%         2    None
 Throw Frost              Conj/Ice       #.....       58%         2    None
 Ice Form                 Ice/Tmut       ###.....     58%         4    ##.....
 Petrify                  Tmut/Erth      ###.....     58%         4    ##.....
 Death Channel            Necr           #####.....   67%         6    ######.
 Darkness                 Hex            #####.....   80%         6    ######.
 Invisibility             Hex            #####...     80%         6    ######.
 Call Canine Familiar     Summ           #.......     83%         3    None
 Conjure Flame            Conj/Fire      #.......     83%         3    None
 Gell's Gravitas          Tloc           #.........   83%         3    None
 Lesser Beckoning         Tloc           #.........   83%         3    None
 Mephitic Cloud           Conj/Pois/Air  #.......     83%         3    None
 Recall                   Summ/Tloc      N/A          83%         3    None
 Static Discharge         Conj/Air       #.......     83%         3    None
 Stone Arrow              Conj/Erth      #.....       83%         3    None
 Teleport Other           Tloc           #.......     83%         3    None
 Bolt of Draining         Conj/Necr      ####......   85%         5    ####...
 Borgnjor's Vile Clutch   Necr/Erth      ####......   85%         5    ####...
 Metabolic Englaciation   Hex/Ice        ###.......   88%         5    ####...
 Hydra Form               Tmut           #####.....   88%         6    ######.
 Alistair's Intoxication  Tmut/Pois      ###.....     91%         5    ####...
 Irradiate                Conj/Tmut      ###.......   91%         5    ####...
 Airstrike                Air            #.........   99%         4    ##.....
 Olgreb's Toxic Radiance  Pois           #.......     99%         4    ##.....
 Passage of Golubria      Tloc           N/A          99%         4    ##.....
 Sticky Flame             Conj/Fire      #.......     99%         4    ##.....
 Summon Ice Beast         Ice/Summ       #.......     99%         4    ##.....
 Summon Lightning Spire   Summ/Air       #.......     99%         4    ##.....
 Throw Icicle             Conj/Ice       #.......     99%         4    ##.....
 Bolt of Magma            Conj/Fire/Erth #.........   100%        5    ####...
 Fireball                 Conj/Fire      #.........   100%        5    ####...
 Lee's Rapid Deconstruct  Erth           #.........   100%        5    ####...
 Lightning Bolt           Conj/Air       #.........   100%        5    ####...
 Summon Demon             Summ           #.........   100%        5    ####...
 Summon Forest            Summ/Tloc      #.........   100%        5    ####...
 Venom Bolt               Conj/Pois      #.........   100%        5    ####...
 Bolt of Cold             Conj/Ice       #.........   100%        6    ######.
 Bolt of Fire             Conj/Fire      #.........   100%        6    ######.
 Freezing Cloud           Conj/Ice/Air   #.........   100%        6    ######.
 Iron Shot                Conj/Erth      #.........   100%        6    ######.
 Ozocubu's Refrigeration  Ice            #.........   100%        6    ######.
 Simulacrum               Ice/Necr       ####......   100%        6    ######.
 Statue Form              Tmut/Erth      ###......    100%        6    ######.
 Dragon Form              Tmut           #####.....   100%        7    #######
 Haunt                    Necr/Summ      ####......   100%        7    #######
 Ring of Flames           Chrm/Fire      ###.......   100%        7    #######
 Borgnjor's Revivificati  Necr           #####.....   100%        8    #######
 Death's Door             Chrm/Necr      #####.....   100%        8    #######
 Ignition                 Fire           #.........   100%        8    #######
 Infestation              Necr           #####.....   100%        8    #######
 Shatter                  Erth           #.........   100%        9    #######


Dungeon Overview and Level Annotations

Branches:
Dungeon (15/15)            Temple (1/1) D:4            Lair (6/6) D:8
  Swamp (4/4) Lair:3        Snake (4/4) Lair:3        Slime (5/5) Lair:6
    Orc (2/2) D:9             Elf (3/3) Orc:2        Vaults (5/5) D:14
  Crypt (3/3) Vaults:3       Tomb (0/3) Crypt:3      Depths (5/5) D:15
   Hell (1/1)                 Dis (0/7) Hell            Geh (0/7) Hell
    Coc (0/7) Hell            Tar (0/7) Hell            Zot (0/5) Depths:5

Altars:
Ashenzari
Cheibriados
Dithmenos
Elyvilon
Fedhas
Gozag
Hepliaklqana
Kikubaaqudgha
Makhleb
Nemelex Xobeh
Okawaru
Qazlal
Ru
Sif Muna
Trog
Uskayaw
Vehumet
Wu Jian
Xom
Yredelemnul
Zin
The Shining One
Beogh
Jiyva

Shops:
D:13 (   Orc:2 ?**(   Elf:2 (?(:   Elf:3 :   Snake:4 *[   Vaults:2 :
Depths:3 ?

Portals:
Hell: Depths:1 Depths:2 Depths:3 Depths:4 Depths:5
Abyss: Depths:4
Pandemonium: Depths:1 Depths:3
Ziggurat: Depths:1
Trove: Depths:1 (show abyssal rune of Zot)

Annotations:
D:11 vpUX: loot behind glass - needs dig
Lair:6 1 runed door, feelmyfire's ghost, journeyman VSTm
Swamp:2 exclusion: Roxanne, Roxanne
Slime:5 Royal Jelly
Crypt:1 2 transporters, exclusion: orange crystal statue
Depths:1 3 runed doors, bloodycherry's ghost, adept GrFi


Innate Abilities, Weirdness & Mutations

You have claws for feet.
You are completely covered in rugged brown scales. (AC +3, +7% HP)
You frequently emit foul miasma when damaged in melee.
You are extremely robust. (+30% HP)
You are completely covered in sharp spines.
You are immune to rotting.
You possess an exceptional clarity of mind.
Your magical capacity is low. (-10% MP)
You do not regenerate when monsters are visible.
You are weak. (Str -2)
[Scrolls take you longer to read.]
[You are clumsy. (Dex -2)]
[Armour fits poorly on your strangely shaped body.]
[You sometimes yell uncontrollably at your foes.]
[You are occasionally teleported next to monsters.]
[Your spells are much easier to cast, but much less powerful.]


Message History

The blast of chaos engulfs you! You resist. The lich casts a spell at you.
The bolt of lightning hits the ynoxinul.
The ynoxinul resists.
The bolt of lightning hits you! You resist.
* * * LOW HITPOINT WARNING * * *
The thrashing horror is struck by your spines.
The thrashing horror tramples you but does no damage.
The thrashing horror misses you.
The apocalypse crab bites you but does no damage.
The apocalypse crab barely misses you.
You hear a shout!
Damage: 13 (max 13)
You closely miss the thrashing horror. Your kick misses the thrashing horror.
The thrashing horror is almost destroyed.
You are engulfed in seething chaos.
The thrashing horror tramples you but does no damage.
The thrashing horror barely misses you.
The ynoxinul is engulfed in seething chaos.
The ynoxinul hits you but does no damage.
The apocalypse crab breathes chaos at you.
The blast of chaos engulfs you!
You slash the ynoxinul! You freeze the ynoxinul. You claw the ynoxinul!
The ynoxinul is severely wounded.
You are engulfed in seething chaos.
You feel yourself speed up.
You feel yourself speed up.
You feel sick.
The thrashing horror is engulfed in seething chaos.
The thrashing horror seems to speed up.
The thrashing horror is engulfed in seething chaos.
The thrashing horror flickers and vanishes for a moment.
The thrashing horror is struck by your spines.
You destroy the thrashing horror!
Okawaru accepts your kill.
The lich points at you and mumbles some strange words.
The bolt of lightning hits the ynoxinul.
The ynoxinul resists.
The bolt of lightning hits you! You resist.
* * * LOW HITPOINT WARNING * * *
The bolt of lightning misses you.
The bolt of lightning hits the apocalypse crab.
The apocalypse crab dies!
The ynoxinul is engulfed in seething chaos.
The ynoxinul gestures at you. The iron shot hits you!
* * * LOW HITPOINT WARNING * * *
The raiju is engulfed in seething chaos.
The raiju scowls horribly.
The ynoxinul is engulfed in seething chaos.
The ynoxinul gestures at you. The iron shot hits you!
You die...

. ###.......##
###.#..........#
.
...#..........#
. .......#....#.
#.§§...L...§. .
##
##..§§§..≈....
....
#.#.§§§3§§.≈...
#..
#..§§@h§§.... #
#.#####§§§.###
.# .. .§.....#
###*. # ......#
.#..÷>
.........# #.#>
) ! ......# ##..
.###.#.#### .# #
..#..§# #. .# ..
.#


You could see a lich, a raiju and a ynoxinul.

Vanquished Creatures
  the Royal Jelly (Slime:5)
  3 juggernauts
  3 ancient liches (Crypt:3)
  Sojobo (Depths:2)
  Saint Roka (Depths:2)
  the Lernaean hydra (Swamp:4)
  Geryon (Hell)
  5 caustic shrikes (Depths:5)
  6 golden dragons
  Jory (Vaults:4)
  5 bone dragons
  2 tentacled monstrosities
  4 liches
  6 titans
  A deep elf blademaster (Elf:3)
  3 deep elf master archers (Elf:3)
  4 ancient champions
  A quicksilver dragon (Vaults:5)
  19 acid blobs
  4 sphinxes
  An Executioner (Vaults:3)
  8 shadow dragons
  9 tentacled starspawn
  3 storm dragons
  7 tengu reavers
  18 azure jellies
  2 revenants
  An azure jelly (shapeshifter) (Depths:4)
  6 nagarajas
  10 frost giants
  10 deep elf sorcerers
  16 vault wardens
  A balrug (Depths:2)
  14 fire giants
  A draconian scorcher (Depths:5)
  2 curse skulls
  An imperial myrmidon (Desolation)
  4 iron dragons (Vaults:5)
  5 ghouls
  3 reapers
  A cacodemon (Abyss:2)
  16 ironheart preservers
  4 spriggan defenders
  5 war gargoyles
  13 very ugly things
  4 draconian stormcallers (Depths:5)
  A stone giant (shapeshifter) (Vaults:5)
  20 stone giants
  8 deep elf elementalists
  2 entropy weavers
  4 vampire knights
  14 deep elf demonologists
  2 halazid warlocks (Desolation)
  A purple draconian (Depths:5)
  A black draconian (Depths:5)
  17 deep elf annihilators
  A green draconian (Depths:5)
  9 spark wasps
  A white draconian (Depths:5)
  8 deep elf death magi
  10 ettins
  4 crystal guardians
  3 blizzard demons
  A quicksilver dragon zombie (Crypt:3)
  3 eidola
  10 death oozes
  A green death (Abyss:4)
  8 jiangshi
  12 ragged hierophants
  9 fire dragons
  13 yaktaur captains
  10 ogre magi
  16 deep elf high priests
  4 servants of whispers (Desolation)
  Josephine (D:13)
  5 spriggan air magi
  13 ice dragons
  14 great orbs of eyes
  18 hydras
  Harold (Orc:1)
  27 vault guards (Vaults:5)
  12 peacekeepers (Desolation)
  4 catoblepae
  10 rakshasas
  16 naga warriors
  6 death knights
  2 ghost crabs
  2 anacondas
  12 centaur warriors
  9 alligators
  13 deep troll shamans
  35 two-headed ogres
  27 dancing weapons
  5 deep troll earth magi
  6 shock serpents
  3 tengu warriors
  5 vampire magi
  7 death yaks
  2 orc high priests
  12 spriggan berserkers
  9 hell hogs
  Urug (D:10)
  4 naga sharpshooters
  26 deep elf knights
  2 titan zombies
  A titan skeleton (Crypt:3)
  2 iron golems
  Nergalle (D:12)
  3 sun demons
  3 soul eaters
  10 thrashing horrors (Abyss:4)
  2 salamander mystics
  8 wretched stars
  3 sixfirhies
  5 shadow wraiths
  19 hell knights
  5 iron trolls
  4 unseen horrors
  56 skeletal warriors
  2 anaconda zombies
  13 deep trolls
  2 golden dragon zombies
  6 glowing orange brains
  8 swamp dragons
  8 wizards
  7 ironbrand convokers
  4 spriggan druids
  3 flayed ghosts
  18 deep elf archers
  2 anaconda skeletons (Hell)
  A shambling mangrove (Swamp:4)
  4 naga ritualists
  Pikel (D:5)
  A golden dragon skeleton (Crypt:3)
  2 lindwurms (shapeshifter)
  6 phantasmal warriors
  5 wolf spiders
  8 orc knights
  2 harpies (shapeshifter)
  A lindwurm (D:14)
  9 harpies
  A sphinx zombie (Vaults:2)
  An orb spider (Abyss:4)
  9 necromancers
  A shadow dragon skeleton (Depths:2)
  41 ugly things
  A mana viper (shapeshifter) (Vaults:5)
  2 iron dragon zombies
  5 orc sorcerers
  80 deep elf magi
  6 mana vipers
  5 oklob plants
  2 manticores (Lair:6)
  An elephant (Lair:4)
  8 cyclopes
  3 shining eyes
  A fire giant skeleton (Crypt:1)
  11 salamanders
  3 worldbinders
  9 rust devils
  3 guardian serpents (Desolation)
  A molten gargoyle (Desolation)
  3 stone giant skeletons
  Joseph (D:7)
  2 ice statues (Hell)
  An iron dragon skeleton (Crypt:3)
  5 smoke demons
  A dire elephant zombie (Crypt:2)
  2 eyes of devastation
  21 naga magi
  A frost giant skeleton (Crypt:2)
  6 gargoyles
  11 vault sentinels
  21 black mambas
  A catoblepas zombie (Crypt:3)
  3 hellions
  A spiny frog (shapeshifter) (Depths:4)
  A black draconian zombie (Crypt:1)
  6 komodo dragons
  A storm dragon simulacrum (Depths:2)
  2 dire elephant skeletons
  14 spiny frogs
  40 yaktaurs
  A rime drake (Lair:2)
  7 large abominations
  3 hydra zombies
  A rime drake (shapeshifter) (Depths:5)
  A sea snake zombie (Crypt:1)
  An efreet (Abyss:4)
  2 hellwings
  6 red devils (Crypt:3)
  14 freezing wraiths
  4 tengu conjurers
  4 ice devils
  A sea snake skeleton (Crypt:2)
  A jumping spider (shapeshifter) (Depths:5)
  21 polar bears
  2 ancient zymes (Abyss:4)
  A white draconian skeleton (Crypt:1)
  12 tyrant leeches
  20 hornets
  A polar bear (shapeshifter) (Depths:4)
  3 meliai (D:13)
  A hornet (shapeshifter) (Depths:4)
  7 trolls
  2 hydra skeletons (Hell)
  4 dream sheep (Lair:6)
  21 bog bodies
  10 raiju
  84 slime creatures
  60 saltlings
  9 blink frogs (Lair:4)
  A harpy skeleton (Crypt:3)
  5 hippogriffs
  A frost giant simulacrum (Crypt:1)
  A hippogriff (shapeshifter) (Depths:2)
  A guardian serpent zombie (Crypt:1)
  An ettin zombie (Crypt:3)
  12 flying skulls
  An ice dragon skeleton (Crypt:3)
  2 ynoxinuls
  An alligator skeleton (Hell)
  A redback (shapeshifter) (Depths:4)
  6 shadows
  A fire dragon skeleton (Crypt:3)
  3 vampires (Crypt:3)
  A yak (shapeshifter) (Vaults:5)
  Sigmund (D:4)
  5 redbacks
  19 spriggans
  4 air elementals
  3 water elementals
  16 wraiths
  Eustachio (D:5)
  3 wyverns
  54 yaks
  30 vampire mosquitoes
  A chaos spawn (Abyss:4)
  10 fire elementals
  2 basilisks
  4 golden eyes (Slime:4)
  7 neqoxecs
  8 hungry ghosts
  7 wargs
  Menkaure (D:3)
  A spatial vortex (Abyss:4)
  8 insubstantial wisps
  10 swamp worms
  56 nagas
  2 soldier ants
  A soldier ant (shapeshifter) (Vaults:3)
  11 water moccasins
  A hydra simulacrum (Crypt:1)
  3 acid dragons
  2 floating eyes (Depths:4)
  A floating eye (shapeshifter) (Depths:3)
  10 porcupines
  A spiny frog zombie (Crypt:3)
  2 hell hounds (Depths:2)
  4 black bears
  14 swamp drakes
  37 orc warriors
  A snapping turtle zombie (Crypt:1)
  15 ice beasts
  11 sky beasts
  2 phantoms
  An eye of draining (shapeshifter) (D:14)
  An alligator simulacrum (Hell)
  A swamp dragon zombie (Crypt:1)
  4 eyes of draining
  37 ogres
  A snapping turtle skeleton (Crypt:2)
  5 necrophages
  19 wolves
  An ice dragon simulacrum (Crypt:1)
  16 centaurs
  8 boggarts
  12 crocodiles
  4 big kobolds
  2 human zombies
  A rime drake skeleton (Crypt:2)
  4 earth elementals
  22 bullfrogs
  A draconian skeleton (Crypt:1)
  A hippogriff skeleton (Crypt:1)
  A human skeleton (Vaults:2)
  A wyvern zombie (D:13)
  A scorpion (D:8)
  A yak zombie (Crypt:1)
  5 killer bees (D:11)
  A spriggan zombie (Crypt:3)
  A water moccasin skeleton (Crypt:2)
  2 human simulacra (Vaults:2)
  11 wights
  2 electric eels (D:8)
  2 vampire bats (Orc:1)
  A howler monkey (D:5)
  10 crimson imps
  5 bullfrog zombies
  3 centaur zombies
  5 starcursed masses
  13 hounds
  2 quasits (Abyss:3)
  An iron imp (Abyss:3)
  24 jellies
  2 bullfrog skeletons (D:11)
  26 orc priests
  6 centaur skeletons
  8 iguanas
  Ijyb (D:4)
  35 orc wizards
  10 worker ants
  12 small abominations
  An ogre skeleton (Crypt:2)
  2 hound zombies (D:4)
  A hound skeleton (D:10)
  A mummy (D:4)
  5 worker ant zombies
  2 howler monkey zombies
  13 adders
  11 gnolls
  2 shadow imps
  A white imp (Abyss:2)
  3 ufetubi
  16 oozes
  An adder zombie (D:4)
  A lava snake zombie (Crypt:2)
  2 adder skeletons
  2 worms
  2 dart slugs
  3 leopard geckos
  95 orcs
  7 giant cockroaches
  9 hobgoblins
  16 jackals
  19 kobolds
  4 quokkas
  13 bats
  5 frilled lizards
  A frilled lizard zombie (Crypt:1)
  A giant cockroach zombie (D:4)
  12 goblins
  A goblin zombie (D:4)
  A kobold zombie (D:4)
  2 leopard gecko skeletons
  A leopard gecko zombie (Crypt:1)
  An orc zombie (Crypt:2)
  15 rats
  A spectral orc (D:9)
  A lurking horror (Abyss:4)
  2 plants
  5 starspawn tentacles
2637 creatures vanquished.

Vanquished Creatures (others)
  A shadow wraith (Vaults:2)
  A deep elf archer (Elf:1)
  A deep elf mage (Elf:1)
  An apocalypse crab (Abyss:4)
  A naga mage (Snake:2)
  A water elemental (Elf:1)
  A chaos spawn (Abyss:4)
  A swamp worm (Swamp:4)
  A spatial vortex (Abyss:4)
  2 small abominations (Abyss:4)
  An orc wizard (Orc:2)
  An ooze (D:5)
  An orc (Vaults:5)
  27 fungi
  3 lurking horrors (Abyss:4)
  14 plants
  20 starspawn tentacles
  3 withered plants (Crypt:3)
81 creatures vanquished.

Grand Total: 2718 creatures vanquished

Notes
Turn   | Place    | Note
-------+----------+-------------------------------------------
     0 | D:1      | Gorice the Demonspawn Wanderer began the quest for the Orb.
     0 | D:1      | Gorice set off with: a +2 dagger, a potion of heal wounds {!q}, a +0 ring mail, a potion of lignification {!q}, a ration
     0 | D:1      | Reached XP level 1. HP: 13/13 MP: 3/3
   179 | D:1      | Reached skill level 1 in Fighting
   274 | D:1      | Gained mutation: You are partially covered in rugged brown scales. (AC +1, +3% HP) [demonic ancestry]
   274 | D:1      | Reached XP level 2. HP: 14/21 MP: 5/5
   676 | D:2      | Found a blossoming altar of Fedhas.
   715 | D:2      | Reached skill level 2 in Fighting
   801 | D:2      | HP: 4/22 [worm (6)]
  1141 | D:2      | Reached XP level 3. HP: 27/27 MP: 6/6
  1230 | D:2      | Reached skill level 4 in Armour
  1628 | D:3      | Found a shattered altar of Ashenzari.
  2107 | D:3      | Reached skill level 3 in Fighting
  2107 | D:3      | Gained mutation: You are immune to rotting. [demonic ancestry]
  2107 | D:3      | Reached XP level 4. HP: 31/36 MP: 7/7
  2283 | D:3      | Found a faded altar of an unknown god.
  2300 | D:3      | Found a stormy altar of Qazlal.
  2403 | D:3      | Noticed a sky beast
  2418 | D:3      | HP: 9/36 [something (5)]
  2419 | D:3      | Killed a sky beast
  2419 | D:3      | Reached skill level 4 in Fighting
  2419 | D:3      | Reached XP level 5. HP: 11/43 MP: 8/8
  3062 | D:4      | HP: 13/44 [iguana (1)]
  3087 | D:4      | HP: 10/44 [adder (4)]
  3109 | D:4      | Noticed Sigmund
  3338 | D:4      | Noticed Menkaure
  3339 | D:4      | HP: 12/44 [iguana (6)]
  3593 | D:3      | HP: 7/44 [iguana (8)]
  3612 | D:3      | HP: 6/44 [??? (4)]
  3621 | D:3      | HP: 5/44 [??? (2)]
  3624 | D:3      | Killed Menkaure
  3624 | D:3      | Reached skill level 2 in Maces & Flails
  3624 | D:3      | Reached skill level 5 in Armour
  3624 | D:3      | Reached XP level 6. HP: 4/50 MP: 9/9
  3934 | D:4      | Found a shadowy altar of Dithmenos.
  3967 | D:4      | Killed Sigmund
  3967 | D:4      | Reached skill level 3 in Maces & Flails
  3967 | D:4      | Gained mutation: You may emit foul miasma when damaged in melee. [demonic ancestry]
  3967 | D:4      | Reached XP level 7. HP: 45/56 MP: 10/10
  4521 | D:4      | Reached skill level 4 in Maces & Flails
  4691 | D:4      | Found a staircase to the Ecumenical Temple.
  4713 | Temple   | Entered the Ecumenical Temple
  4931 | Temple   | Became a worshipper of Warmaster Okawaru
  5067 | D:4      | Reached skill level 1 in Long Blades
  5148 | D:4      | Noticed Ijyb
  5164 | D:4      | Killed Ijyb
  5266 | D:4      | Reached skill level 2 in Long Blades
  5456 | D:4      | Found a glowing golden altar of the Shining One.
  5507 | D:5      | Entered Level 5 of the Dungeon
  5534 | D:5      | Reached skill level 3 in Long Blades
  5811 | D:5      | Found a radiant altar of Vehumet.
  5827 | D:5      | Gained mutation: You are partially covered in sharp spines. [demonic ancestry]
  5827 | D:5      | Reached XP level 8. HP: 35/62 MP: 11/11
  6213 | D:5      | Reached skill level 4 in Long Blades
  6252 | D:5      | Noticed Pikel
  6261 | D:5      | Killed Pikel
  6261 | D:5      | Reached * piety under Okawaru
  6261 | D:5      | Reached skill level 6 in Long Blades
  6343 | D:5      | Noticed Eustachio
  6388 | D:5      | Killed Eustachio
  6388 | D:5      | Reached skill level 7 in Long Blades
  6475 | D:5      | Reached ** piety under Okawaru
  6475 | D:5      | Reached skill level 6 in Armour
  6475 | D:5      | Gained mutation: You frequently emit foul miasma when damaged in melee. [demonic ancestry]
  6475 | D:5      | Reached XP level 9. HP: 59/67 MP: 12/12
  6561 | D:5      | Found a white marble altar of Elyvilon.
  6616 | D:5      | Found a shimmering altar of Xom.
  6830 | D:6      | Reached skill level 1 in Invocations
  6859 | D:6      | Found an ornate altar of the Wu Jian Council.
  7002 | D:6      | Found a burning altar of Makhleb.
  7046 | D:6      | Reached skill level 2 in Invocations
  7180 | D:6      | Reached skill level 8 in Long Blades
  7269 | D:6      | Found a shimmering altar of Xom.
  7490 | D:7      | Found an iron altar of Okawaru.
  7536 | D:7      | Reached skill level 7 in Armour
  7574 | D:7      | Reached *** piety under Okawaru
  7574 | D:7      | Reached skill level 9 in Long Blades
  8121 | D:7      | Gained mutation: You have sharp toenails. [demonic ancestry]
  8121 | D:7      | Reached XP level 10. HP: 72/75 MP: 13/13
  8928 | D:7      | Found a white marble altar of Elyvilon.
  8928 | D:7      | Found a deep blue altar of Sif Muna.
  8977 | D:7      | Noticed Joseph
  8993 | D:7      | Killed Joseph
  8993 | D:7      | Reached **** piety under Okawaru
  8993 | D:7      | Reached skill level 10 in Long Blades
  9308 | D:8      | Reached skill level 8 in Armour
  9676 | D:8      | Found a staircase to the Lair.
 10590 | D:8      | Reached skill level 11 in Long Blades
 10781 | Lair:1   | Entered Level 1 of the Lair of Beasts
 10928 | Lair:1   | Reached ***** piety under Okawaru
 10928 | Lair:1   | Received a gift from Okawaru
 11021 | Lair:1   | Noticed an eight-headed hydra
 11033 | Lair:1   | Killed an eight-headed hydra
 11043 | Lair:1   | Gained mutation: You are mostly covered in rugged brown scales. (AC +2, +5% HP) [demonic ancestry]
 11043 | Lair:1   | Reached XP level 11. HP: 46/81 MP: 12/14
 11309 | Lair:1   | Reached skill level 9 in Armour
 12041 | Lair:1   | Noticed an oklob plant
 12041 | Lair:1   | Noticed an oklob plant
 12143 | Lair:1   | Received a gift from Okawaru
 12297 | Lair:2   | Reached skill level 12 in Long Blades
 12763 | Lair:2   | Noticed an oklob plant
 13104 | Lair:2   | Found a glowing silver altar of Zin.
 13443 | Lair:3   | Received a gift from Okawaru
 13470 | Lair:3   | Found a staircase to the Snake Pit.
 13475 | Lair:3   | Found a frozen archway.
 13520 | IceCv    | Entered an ice cave
 13662 | IceCv    | Reached ****** piety under Okawaru
 13937 | IceCv    | Reached skill level 10 in Armour
 13971 | IceCv    | Reached skill level 13 in Long Blades
 14518 | IceCv    | Gained mutation: You have razor-sharp toenails. [demonic ancestry]
 14518 | IceCv    | Reached XP level 12. HP: 87/88 MP: 15/15
 14655 | IceCv    | Got a faintly glowing whip
 14854 | IceCv    | Identified the cursed +0 whip of Pirin {flame, Str+2} (You found it in an ice cave)
 15252 | Lair:3   | Reached skill level 5 in Fighting
 15462 | Lair:3   | Found a staircase to the Swamp.
 15554 | Lair:3   | You fall through a shaft for 3 floors!
 15554 | Lair:6   | Entered Level 6 of the Lair of Beasts
 15735 | Lair:5   | Noticed a four-headed hydra
 15750 | Lair:5   | Killed a four-headed hydra
 15750 | Lair:5   | Received a gift from Okawaru
 15750 | Lair:5   | Reached skill level 6 in Fighting
 15913 | Lair:5   | Reached skill level 11 in Armour
 15953 | Lair:5   | Noticed a six-headed hydra
 15963 | Lair:5   | Killed a six-headed hydra
 16029 | Lair:5   | Reached skill level 14 in Long Blades
 16163 | Lair:4   | Reached skill level 3 in Invocations
 16250 | Lair:4   | Reached skill level 7 in Fighting
 16276 | Lair:4   | Reached skill level 4 in Invocations
 16525 | Lair:4   | Noticed a five-headed hydra
 16552 | Lair:4   | Killed a five-headed hydra
 17386 | Lair:4   | Reached skill level 5 in Invocations
 17398 | Lair:4   | Reached XP level 13. HP: 72/101 MP: 16/16
 17854 | Lair:4   | Reached skill level 8 in Fighting
 18198 | Lair:5   | Reached skill level 6 in Invocations
 18780 | Lair:6   | Received a gift from Okawaru
 18791 | Lair:6   | Reached skill level 12 in Armour
 19028 | Lair:6   | Reached skill level 7 in Invocations
 19523 | Lair:6   | Found a runed door.
 19526 | Lair:6   | Found a shimmering altar of Xom.
 19526 | Lair:6   | Noticed feelmyfire's ghost (journeyman VSTm)
 19611 | Lair:6   | Found a viscous altar of Jiyva.
 19611 | Lair:6   | Found a staircase to the Slime Pits.
 19784 | Lair:6   | Reached skill level 9 in Fighting
 19784 | Lair:6   | Reached skill level 8 in Invocations
 20606 | Lair:6   | Reached skill level 10 in Fighting
 21287 | D:9      | Received a gift from Okawaru
 21356 | D:9      | Found a staircase to the Orcish Mines.
 21497 | D:9      | Found an opulent altar of Gozag.
 21699 | D:9      | Reached skill level 13 in Armour
 21712 | D:9      | Found a blossoming altar of Fedhas.
 21893 | D:9      | Found a basalt altar of Yredelemnul.
 21921 | Orc:1    | Entered Level 1 of the Orcish Mines
 21979 | Orc:1    | Reached XP level 14. HP: 116/116 MP: 20/20
 22012 | Orc:1    | Noticed Harold
 22033 | Orc:1    | Killed Harold
 22442 | Orc:2    | Entered Level 2 of the Orcish Mines
 22685 | Orc:2    | Found a staircase to the Elven Halls.
 22698 | Orc:2    | Received a gift from Okawaru
 22699 | Orc:2    | Got a twisted chain mail {god gift}
 22700 | Orc:2    | Identified the +1 chain mail of Isaun Axtom {Regen+} (Okawaru gifted it to you on level 2 of the Orcish Mines)
 23337 | Orc:2    | Found a roughly hewn altar of Beogh.
 23502 | Orc:2    | HP: 33/116 [poisoned by an orc wizard]
 23507 | Orc:2    | HP: 28/116 [poisoned by an orc wizard]
 23513 | Orc:1    | HP: 24/116 [poisoned by an orc wizard]
 23519 | Orc:1    | HP: 22/116 [poisoned by an orc wizard]
 23524 | Orc:1    | HP: 21/116 [poisoned by an orc wizard]
 23531 | Orc:1    | HP: 21/116 [poisoned by an orc wizard]
 23539 | Orc:1    | HP: 22/116 [poisoned by an orc wizard]
 24125 | Orc:2    | Reached skill level 11 in Fighting
 24194 | Orc:2    | Found Yciovuuqurgh's General Store.
 24194 | Orc:2    | Found Usexo's Antique Weapon Emporium.
 24197 | Orc:2    | Found Vichi's Magic Scroll Shoppe.
 24197 | Orc:2    | Found Akhusurro's Assorted Antiques.
 24251 | Orc:2    | Bought a scroll labeled INEKKABLIM for 21 gold pieces
 24320 | D:10     | Entered Level 10 of the Dungeon
 24425 | D:10     | Noticed Urug
 24434 | D:10     | Killed Urug
 26401 | D:12     | Noticed Nergalle
 26417 | D:12     | Killed Nergalle
 26417 | D:12     | Reached skill level 12 in Fighting
 26887 | D:13     | Found Geurut's Weapon Shoppe.
 27008 | D:13     | HP: 30/120 [centaur warrior (9)]
 27015 | D:13     | HP: 32/120 [yak (2)]
 27213 | D:13     | Received a gift from Okawaru
 27214 | D:13     | Got a crude great sword {god gift}
 27218 | D:13     | Identified the +9 great sword of Malaise {protect, *Corrode *Drain rPois rN+++} (Okawaru gifted it to you on level 13 of the Dungeon)
 27450 | D:13     | Found a roughly hewn altar of Beogh.
 27663 | D:13     | Noticed Josephine
 27676 | D:13     | Killed Josephine
 27676 | D:13     | Reached skill level 15 in Long Blades
 28232 | D:14     | Gained mutation: You have claws for feet. [demonic ancestry]
 28232 | D:14     | Reached XP level 15. HP: 103/128 MP: 21/21
 28383 | D:14     | Found a gate to the Vaults.
 28464 | D:14     | Reached skill level 13 in Fighting
 28538 | D:14     | Found a basalt altar of Yredelemnul.
 28868 | D:15     | Entered Level 15 of the Dungeon
 28876 | D:15     | Received a gift from Okawaru
 29847 | D:15     | Found a staircase to the Depths.
 29998 | D:15     | Reached skill level 14 in Fighting
 30136 | D:15     | Reached skill level 16 in Long Blades
 30418 | Swamp:1  | Entered Level 1 of the Swamp
 31290 | Swamp:2  | Received a gift from Okawaru
 31730 | Swamp:2  | Received a gift from Okawaru
 31853 | Swamp:2  | Noticed Roxanne
 31907 | Swamp:2  | Reached skill level 14 in Armour
 32200 | Swamp:2  | HP: 39/132 [vampire mosquito (6)]
 32784 | Swamp:3  | Reached XP level 16. HP: 127/139 MP: 22/22
 33479 | Snake:1  | Entered Level 1 of the Snake Pit
 34118 | Snake:2  | HP: 33/139 [shock serpent/bolt of electricity (22)]
 34123 | Snake:2  | HP: 32/139 [poisoned by a naga warrior (splash of poison)]
 34128 | Snake:2  | HP: 31/139 [poisoned by a naga warrior (splash of poison)]
 34133 | Snake:2  | HP: 31/139 [poisoned by a naga warrior (splash of poison)]
 34138 | Snake:2  | HP: 32/139 [poisoned by a naga warrior (splash of poison)]
 34143 | Snake:2  | HP: 33/139 [poisoned by a naga warrior (splash of poison)]
 34150 | Snake:2  | HP: 37/139 [poisoned by a naga warrior (splash of poison)]
 34158 | Snake:2  | HP: 40/139 [poisoned by a naga warrior (splash of poison)]
 34665 | Snake:2  | Reached skill level 17 in Long Blades
 34814 | Snake:2  | HP: 31/139 [shock serpent (13)]
 34814 | Snake:2  | HP: 8/139 [shock serpent/bolt of electricity (23)]
 35171 | Snake:3  | Received a gift from Okawaru
 35364 | Snake:3  | Reached skill level 15 in Armour
 35484 | Snake:3  | Received a gift from Okawaru
 35787 | Snake:3  | Got a heavily runed jade ring
 35788 | Snake:3  | Identified the ring "Cauf Vae" {rPois rF- Int+3} (You took it off a naga on level 3 of the Snake Pit)
 36099 | Snake:3  | Found a radiant altar of Vehumet.
 36932 | Swamp:4  | Entered Level 4 of the Swamp
 37753 | Swamp:3  | Received a gift from Okawaru
 38100 | Swamp:4  | Reached XP level 17. HP: 63/145 MP: 10/23
 38100 | Swamp:4  | HP: 38/145 [six-headed hydra[a spriggan druid] (11)]
 38637 | Swamp:4  | Reached skill level 18 in Long Blades
 38642 | Swamp:4  | Reached skill level 16 in Armour
 38792 | Swamp:4  | HP: 38/145 [bog body/bolt of cold (13)]
 39067 | Swamp:4  | Noticed the 27-headed Lernaean hydra
 39082 | Swamp:4  | HP: 41/145 [the 27-headed Lernaean hydra (3)]
 39084 | Swamp:4  | Killed the 27-headed Lernaean hydra
 39338 | Swamp:4  | Received a gift from Okawaru
 39339 | Swamp:4  | Got a brightly glowing lajatang {god gift}
 39340 | Swamp:4  | Identified the +2 lajatang of Exquisite Death {freeze, *Noise rElec Int+3 Dex+5} (Okawaru gifted it to you on level 4 of the Swamp)
 39341 | Swamp:4  | Upgraded the game from 0.22.0-27-ga576289 to 0.22.0-32-gbc6daba
 39498 | Swamp:4  | Got a decaying rune of Zot
 40390 | Lair:1   | Identified Sif Muna's Disquisition on Poison
 41073 | Snake:4  | Entered Level 4 of the Snake Pit
 41358 | Snake:4  | Found Lylazxoq's General Store.
 41459 | Snake:4  | Found Paacrext's Armour Shoppe.
 41495 | Snake:4  | Bought the +1 helmet of Absence {rPois MR++ Str+4} for 637 gold pieces
 41984 | Snake:4  | Received a gift from Okawaru
 42596 | Snake:4  | Reached skill level 15 in Fighting
 42626 | Snake:4  | Received a gift from Okawaru
 42924 | Snake:4  | Got a serpentine rune of Zot
 43330 | Vaults:1 | Entered Level 1 of the Vaults
 43560 | Vaults:1 | Received a gift from Okawaru
 43560 | Vaults:1 | Reached skill level 19 in Long Blades
 43739 | Vaults:1 | Reached XP level 18. HP: 121/156 MP: 19/24
 44455 | Vaults:1 | Reached skill level 16 in Fighting
 44461 | Vaults:1 | HP: 44/158 [something (5)]
 44468 | Vaults:1 | HP: 41/158 [poisoned by a death knight]
 46899 | Vaults:2 | Found Genouwir's Book Shoppe.
 46917 | Vaults:2 | Received a gift from Okawaru
 47144 | Vaults:2 | Reached skill level 20 in Long Blades
 47268 | Vaults:2 | Reached skill level 9 in Invocations
 47275 | Vaults:2 | Reached skill level 1 in Evocations
 47423 | Vaults:2 | Reached skill level 1 in Dodging
 47473 | Vaults:2 | Reached skill level 2 in Evocations
 47482 | Vaults:2 | Reached skill level 2 in Dodging
 47747 | Vaults:2 | Identified the +7 chain mail of Sovereignty {rF+} (You found it on level 2 of the Vaults)
 47811 | Vaults:2 | Reached skill level 3 in Evocations
 47919 | Vaults:2 | Reached skill level 3 in Dodging
 47926 | Vaults:2 | Reached skill level 10 in Invocations
 47955 | Vaults:2 | HP: 39/158 [deep elf archer/arrow (12)]
 47967 | Vaults:2 | HP: 40/158 [deep elf archer/arrow (3)]
 48416 | Vaults:2 | HP: 42/158 [ice dragon/blast of cold (31)]
 48422 | Vaults:2 | Reached skill level 4 in Evocations
 48967 | Vaults:2 | Reached skill level 4 in Dodging
 49101 | Vaults:3 | Gained mutation: You are mostly covered in sharp spines. [demonic ancestry]
 49101 | Vaults:3 | Reached XP level 19. HP: 150/164 MP: 22/27
 49223 | Vaults:3 | Reached skill level 11 in Invocations
 49227 | Vaults:3 | Reached skill level 5 in Evocations
 49440 | Vaults:3 | Received a gift from Okawaru
 49923 | Vaults:3 | Reached skill level 5 in Dodging
 50348 | Vaults:3 | Reached skill level 6 in Evocations
 50381 | Vaults:3 | Found a staircase to the Crypt.
 51287 | Vaults:3 | Received a gift from Okawaru
 51287 | Vaults:3 | Reached skill level 12 in Invocations
 51301 | Vaults:3 | Reached skill level 6 in Dodging
 51319 | Vaults:3 | HP: 38/164 [death knight/battleaxe of distortion (17)]
 51319 | Vaults:3 | Cast into level 2 of the Abyss (death knight)
 51383 | Abyss:2  | Found a corrupted altar of Lugonu.
 51384 | Abyss:2  | HP: 42/164 [wretched star/orb of energy (13)]
 51393 | Abyss:2  | HP: 24/164 [wretched star/orb of energy (20)]
 51426 | Abyss:2  | HP: 35/164 [tentacled starspawn (1)]
 51432 | Abyss:2  | HP: 11/164 [revenant/ghostly fireball (21)]
 51434 | Abyss:2  | HP: 5/164 [spectral titan[a revenant] (7)]
 51435 | Abyss:2  | Noticed a bone dragon
 51443 | Abyss:2  | HP: 43/164 [revenant (6)]
 51451 | Abyss:2  | Reached skill level 7 in Evocations
 51472 | Abyss:2  | Killed a bone dragon
 51697 | Vaults:3 | Escaped the Abyss
 51703 | Vaults:3 | Reached skill level 7 in Dodging
 51705 | Vaults:3 | HP: 42/164 [mirror damage (11)]
 51712 | Vaults:3 | Got a pair of encrusted gloves {god gift}
 51715 | Vaults:3 | Identified the +1 pair of gloves "Takk" {+Blink Str+3 SInv} (Okawaru gifted it to you on level 3 of the Vaults)
 52437 | Vaults:4 | Reached skill level 8 in Evocations
 52908 | Vaults:4 | Reached skill level 8 in Dodging
 52912 | Vaults:4 | Reached skill level 2 in Throwing
 52924 | Vaults:4 | Received a gift from Okawaru
 53190 | Vaults:4 | Received a gift from Okawaru
 53190 | Vaults:4 | Reached skill level 9 in Evocations
 53371 | Vaults:4 | Reached skill level 3 in Throwing
 53385 | Vaults:4 | Noticed Jory
 53407 | Vaults:4 | Killed Jory
 53407 | Vaults:4 | Reached XP level 20. HP: 74/172 MP: 16/29
 54193 | Vaults:4 | Reached skill level 4 in Throwing
 54851 | Lair:1   | Identified a scroll of acquirement
 54852 | Lair:1   | Got a transparent triple sword
 54853 | Lair:1   | Identified the +6 triple sword of Rotation {venom, *Drain Dex+4 SInv} (You acquired it on level 1 of the Lair of Beasts)
 55101 | Crypt:1  | Entered Level 1 of the Crypt
 55194 | Crypt:1  | Found a transporter.
 55296 | Crypt:1  | Reached skill level 9 in Dodging
 55608 | Crypt:1  | Reached skill level 10 in Evocations
 55639 | Crypt:1  | Reached skill level 5 in Throwing
 55684 | Crypt:1  | Noticed an ancient lich
 55834 | Crypt:1  | Received a gift from Okawaru
 56040 | Crypt:1  | Found a transporter.
 56263 | Crypt:2  | Received a gift from Okawaru
 56384 | Crypt:2  | Reached skill level 6 in Throwing
 56617 | Crypt:2  | Reached skill level 10 in Dodging
 56837 | Crypt:3  | Entered Level 3 of the Crypt
 57210 | Crypt:3  | Reached skill level 11 in Evocations
 57250 | Crypt:3  | Noticed a bone dragon
 57267 | Crypt:3  | Killed a bone dragon
 57470 | Crypt:3  | Received a gift from Okawaru
 57475 | Crypt:3  | Reached skill level 7 in Throwing
 58281 | Crypt:3  | Received a gift from Okawaru
 58412 | Crypt:3  | Found a staircase to the Tomb.
 59527 | Crypt:3  | Noticed an ancient lich
 59535 | Crypt:3  | Killed an ancient lich
 59535 | Crypt:3  | Gained mutation: You are robust. (+10% HP) [demonic ancestry]
 59535 | Crypt:3  | Reached XP level 21. HP: 155/196 MP: 25/30
 59652 | Crypt:3  | Reached skill level 11 in Dodging
 59663 | Crypt:3  | Found an ancient bone altar of Kikubaaqudgha.
 59672 | Crypt:3  | Reached skill level 8 in Throwing
 59677 | Crypt:3  | Noticed an ancient lich
 59692 | Crypt:3  | HP: 36/196 [Ice Fiend[an ancient lich] (43)]
 59695 | Crypt:3  | Killed an ancient lich
 59695 | Crypt:3  | Reached skill level 12 in Evocations
 60085 | Crypt:3  | Found the +8 orange crystal plate armour {Archmagi, Int+3 Clar}
 60114 | Crypt:3  | Noticed an ancient lich
 60123 | Crypt:3  | Killed an ancient lich
 60740 | Elf:1    | Entered Level 1 of the Elven Halls
 61003 | Elf:1    | Reached skill level 9 in Throwing
 61178 | Elf:1    | Found a shimmering altar of Xom.
 61493 | Elf:1    | Reached skill level 12 in Dodging
 61663 | Elf:1    | Received a gift from Okawaru
 61664 | Elf:1    | Got an encrusted plate armour {god gift}
 61665 | Elf:1    | Identified the +1 plate armour of Greed {rF+ rCorr MP+9 Dex+5} (Okawaru gifted it to you on level 1 of the Elven Halls)
 61697 | Elf:1    | Found a runed door.
 61741 | Elf:1    | Reached skill level 10 in Throwing
 62131 | Elf:2    | Found a ruined gateway.
 62246 | Elf:2    | Found Ziegui's Magic Scroll Boutique.
 62251 | Desolati | Entered the Desolation of Salt
 62614 | Desolati | Found the +6 arbalest "Damnation" {damnation}
 62635 | Desolati | Got a crude lapis lazuli ring
 62675 | Desolati | Identified the ring "Ybluqiyteo" {rElec rF+ rN+ MR+ Int+3 Stlth+} (You found it in the Desolation of Salt)
 62797 | Desolati | Reached skill level 17 in Armour
 62951 | Desolati | Got a steaming arbalest
 62955 | Desolati | Identified the Grimoire of Changing and Self-Knowledge
 62972 | Desolati | Identified the +8 arbalest of Classification {penet, rElec rN+ MP-9 Int+4} (You found it in the Desolation of Salt)
 63473 | Desolati | Gained mutation: You are completely covered in sharp spines. [demonic ancestry]
 63473 | Desolati | Reached XP level 22. HP: 197/204 MP: 31/31
 63518 | Desolati | Identified the Tome of Shifting Calling
 63524 | Desolati | Got a brightly glowing amethyst amulet
 63525 | Desolati | Identified the amulet of the Skies Above {Faith rPois MR++} (You found it in the Desolation of Salt)
 63530 | Desolati | Identified the +2 cloak of the Wheelwright {rF- MR++ Dex+2} (You found it in the Desolation of Salt)
 63547 | Desolati | Identified the +4 chain mail "Evowe" {MR+} (You found it in the Desolation of Salt)
 63638 | Elf:2    | Bought a scroll of blinking for 97 gold pieces
 63924 | Elf:2    | Found Ymasoll's Weapon Emporium.
 63924 | Elf:2    | Found Hibef's Antique Weapon Boutique.
 63937 | Elf:2    | Received a gift from Okawaru
 63975 | Elf:2    | Got a crude long sword {god gift}
 64049 | Elf:2    | Identified the +1 cloak "Resm" {MR+ Stlth+} (You found it on level 2 of the Elven Halls)
 64122 | Elf:2    | Found a runed gate.
 64122 | Elf:2    | Found a runed gate.
 64122 | Elf:2    | Found a runed gate.
 64173 | Elf:2    | Found Aroybbox's Book Shoppe.
 64368 | Elf:2    | Reached skill level 18 in Armour
 64742 | Elf:3    | Entered Level 3 of the Elven Halls
 65214 | Elf:3    | Found Feaqoczy's Book Boutique.
 65361 | Elf:3    | Received a gift from Okawaru
 65705 | Elf:3    | Received a gift from Okawaru
 66055 | Elf:3    | Reached skill level 19 in Armour
 66916 | Elf:3    | Identified the +1 great sword of Upebe {drain, rF+} (You found it on level 3 of the Elven Halls)
 67061 | Elf:3    | Identified the Handbook of Blistering Ice
 67211 | Elf:3    | Identified Xuocsuc's Guide on Protection
 67660 | Depths:1 | Entered Level 1 of the Depths
 67711 | Depths:1 | Reached skill level 20 in Armour
 67718 | Depths:1 | Received a gift from Okawaru
 68098 | Depths:1 | Found a gateway to Hell.
 68122 | Depths:1 | Gained mutation: You are completely covered in rugged brown scales. (AC +3, +7% HP) [demonic ancestry]
 68122 | Depths:1 | Reached XP level 23. HP: 155/215 MP: 25/32
 68602 | Depths:1 | Found a one-way gate leading to the halls of Pandemonium.
 68637 | Depths:1 | Found a gateway to a ziggurat.
 68803 | Depths:1 | Found a runed gate.
 68803 | Depths:1 | Noticed bloodycherry's ghost (adept GrFi)
 68804 | Depths:1 | Found a runed gate.
 68805 | Depths:1 | Found a runed gate.
 68958 | Depths:1 | Found a portal to a secret trove of treasure.
 69184 | Depths:1 | Received a gift from Okawaru
 69184 | Depths:1 | Reached skill level 17 in Fighting
 69185 | Depths:1 | Got a fine robe {god gift}
 69959 | Depths:2 | Noticed Sojobo
 69990 | Depths:2 | Killed Sojobo
 70087 | Depths:2 | Reached skill level 18 in Fighting
 70286 | Depths:2 | Noticed a juggernaut
 70289 | Depths:2 | Noticed Saint Roka
 70304 | Depths:2 | Killed a juggernaut
 70315 | Depths:2 | Received a gift from Okawaru
 70324 | Depths:2 | Killed Saint Roka
 70543 | Depths:2 | Reached skill level 19 in Fighting
 71595 | Depths:3 | Received a gift from Okawaru
 71617 | Depths:3 | Gained mutation: You do not regenerate when monsters are visible. [a neqoxec]
 71707 | Depths:3 | Gained mutation: You are very robust. (+20% HP) [demonic ancestry]
 71707 | Depths:3 | Reached XP level 24. HP: 229/257 MP: 32/32
 71798 | Depths:3 | Found Rorakh's Magic Scroll Emporium.
 71887 | Depths:3 | Reached skill level 20 in Fighting
 71904 | Depths:3 | Received a gift from Okawaru
 71925 | Depths:3 | Noticed a juggernaut
 71935 | Depths:3 | Killed a juggernaut
 72441 | Depths:4 | Reached skill level 21 in Fighting
 72741 | Depths:4 | Received a gift from Okawaru
 72752 | Depths:4 | Reached skill level 22 in Fighting
 72907 | Depths:4 | Got a pair of twisted gloves
 72956 | Depths:4 | Identified the +0 pair of gloves "Mothan" {Str+2 Dex+4} (You found it on level 4 of the Depths)
 73098 | Depths:4 | Noticed a juggernaut
 73108 | Depths:4 | Killed a juggernaut
 73405 | Lair:1   | Learned a level 2 spell: Blink
 73414 | Lair:1   | Learned a level 8 spell: Necromutation
 73418 | Lair:1   | Learned a level 3 spell: Portal Projectile
 73422 | Lair:1   | Learned a level 3 spell: Regeneration
 73426 | Lair:1   | Learned a level 3 spell: Spectral Weapon
 73810 | Depths:4 | Found a one-way gate to the infinite horrors of the Abyss.
 73959 | Depths:4 | Reached skill level 21 in Armour
 74209 | Depths:5 | Entered Level 5 of the Depths
 74423 | Depths:5 | Reached XP level 25. HP: 242/275 MP: 32/32
 74460 | Depths:5 | Found a gate to the Realm of Zot.
 74600 | Depths:5 | Received a gift from Okawaru
 74607 | Depths:5 | Got a faintly humming helmet {god gift}
 74656 | Depths:5 | Identified the +0 helmet "Foffuz" {rN+} (Okawaru gifted it to you on level 5 of the Depths)
 74958 | Depths:5 | Reached skill level 22 in Armour
 75988 | Vaults:5 | Entered Level 5 of the Vaults
 76004 | Vaults:5 | Reached skill level 1 in Necromancy
 76008 | Vaults:5 | Reached skill level 1 in Hexes
 76013 | Vaults:5 | Reached skill level 1 in Transmutations
 76204 | Vaults:5 | Reached skill level 2 in Charms
 76239 | Vaults:5 | Reached skill level 2 in Necromancy
 76263 | Vaults:5 | Reached skill level 2 in Hexes
 76316 | Vaults:5 | Reached skill level 3 in Spellcasting
 76316 | Vaults:5 | Reached skill level 2 in Transmutations
 76427 | Vaults:5 | Reached skill level 3 in Necromancy
 76505 | Vaults:5 | Reached skill level 3 in Hexes
 76505 | Vaults:5 | Reached skill level 3 in Charms
 76526 | Vaults:5 | Received a gift from Okawaru
 76526 | Vaults:5 | Reached skill level 3 in Transmutations
 76612 | Vaults:5 | Reached skill level 4 in Spellcasting
 76620 | Vaults:5 | Reached skill level 4 in Necromancy
 76683 | Vaults:5 | Received a gift from Okawaru
 76767 | Vaults:5 | Reached skill level 4 in Hexes
 76843 | Vaults:5 | Reached skill level 4 in Charms
 76933 | Vaults:5 | Received a gift from Okawaru
 76933 | Vaults:5 | Reached skill level 4 in Transmutations
 76952 | Vaults:5 | Reached skill level 5 in Necromancy
 77076 | Vaults:5 | Reached skill level 5 in Spellcasting
 77203 | Vaults:5 | Reached skill level 5 in Hexes
 77619 | Vaults:5 | Reached skill level 5 in Charms
 77665 | Vaults:5 | Reached skill level 6 in Necromancy
 77665 | Vaults:5 | Reached skill level 5 in Transmutations
 77807 | Vaults:5 | Gained mutation: You are extremely robust. (+30% HP) [demonic ancestry]
 77807 | Vaults:5 | Reached XP level 26. HP: 227/306 MP: 32/32
 77985 | Vaults:5 | Received a gift from Okawaru
 78069 | Vaults:5 | Reached skill level 6 in Spellcasting
 78069 | Vaults:5 | Reached skill level 6 in Hexes
 78412 | Vaults:5 | Got a silver rune of Zot
 78496 | Vaults:5 | Reached skill level 7 in Necromancy
 78509 | Vaults:5 | Reached skill level 6 in Charms
 78949 | Slime:1  | Entered Level 1 of the Pits of Slime
 78967 | Slime:1  | Gained mutation: You possess an exceptional clarity of mind. [a shining eye]
 79003 | Slime:1  | Reached skill level 6 in Transmutations
 79067 | Slime:2  | Received a gift from Okawaru
 79208 | Slime:4  | Gained mutation: You are weak. (Str -2) [a shining eye]
 79234 | Slime:4  | Received a gift from Okawaru
 79284 | Slime:5  | Entered Level 5 of the Pits of Slime
 79288 | Slime:5  | Reached skill level 7 in Hexes
 79313 | Slime:5  | Reached skill level 7 in Spellcasting
 79535 | Slime:5  | Reached skill level 8 in Necromancy
 79636 | Slime:5  | Received a gift from Okawaru
 79637 | Slime:5  | Got a bloodstained chain mail {god gift}
 79696 | Slime:5  | Reached skill level 7 in Charms
 79737 | Slime:5  | Reached skill level 7 in Transmutations
 79758 | Slime:5  | Noticed the Royal Jelly
 79817 | Slime:5  | Found a viscous altar of Jiyva.
 79825 | Slime:5  | Killed the Royal Jelly
 79876 | Slime:5  | Got a faintly glowing amber ring
 79922 | Slime:5  | Identified the ring of Xummarhelet {rC+ MP+9 Int+6 SInv} (You found it on level 5 of the Pits of Slime)
 79923 | Slime:5  | Identified the amulet "Abaumaqe" {Reflect rPois Str+3 SH+3} (You found it on level 5 of the Pits of Slime)
 79972 | Slime:5  | Got a slimy rune of Zot
 79996 | Slime:5  | Identified the +0 chain mail "Geij" {rF+ rC+} (Okawaru gifted it to you on level 5 of the Pits of Slime)
 80503 | Elf:2    | Bought a book of Party Tricks for 550 gold pieces
 80506 | Elf:2    | Learned a level 1 spell: Apportation
 80508 | Elf:2    | Learned a level 1 spell: Summon Butterflies
 80514 | Elf:2    | Learned a level 5 spell: Summon Mana Viper
 80772 | Hell     | Entered the Vestibule of Hell
 80772 | Hell     | Noticed Geryon
 80801 | Hell     | Reached skill level 8 in Hexes
 80843 | Hell     | HP: 89/306 [fire elemental (6)]
 81267 | Hell     | Reached skill level 9 in Necromancy
 81279 | Hell     | HP: 81/306 [reaper/scythe of pain (12)]
 81678 | Hell     | Reached skill level 8 in Spellcasting
 81700 | Depths:1 | HP: 86/306 [soul eater/drain life (18)]
 81706 | Depths:1 | HP: 79/306 [reaper/scythe of pain (7)]
 81731 | Depths:1 | HP: 40/306 [reaper/scythe of pain (4)]
 82381 | Hell     | Killed Geryon
 82403 | Hell     | Reached skill level 8 in Charms
 82411 | Hell     | Reached skill level 8 in Transmutations
 82707 | Hell     | Found a gateway to the ashen valley of Gehenna.
 82809 | Hell     | Found a gateway to the Iron City of Dis.
 82872 | Hell     | Found a gateway to the freezing wastes of Cocytus.
 82978 | Hell     | Found a gateway to the decaying netherworld of Tartarus.
 83240 | Depths:4 | Voluntarily entered the Abyss.
 83240 | Abyss:1  | Found a corrupted altar of Lugonu.
 83342 | Abyss:2  | Found a corrupted altar of Lugonu.
 83371 | Abyss:2  | Found a corrupted altar of Lugonu.
 83387 | Abyss:2  | Found a corrupted altar of Lugonu.
 83429 | Abyss:2  | Gained mutation: Your magical capacity is low. (-10% MP) [a neqoxec]
 83500 | Abyss:2  | Received a gift from Okawaru
 83554 | Abyss:2  | Reached skill level 9 in Hexes
 83665 | Abyss:4  | Received a gift from Okawaru
 83665 | Abyss:4  | Reached XP level 27. HP: 302/316 MP: 32/32
 83691 | Abyss:4  | Reached skill level 10 in Necromancy
 83935 | Abyss:4  | HP: 85/316 [lurking horror (83)]
 84038 | Abyss:4  | Reached skill level 9 in Spellcasting
 84041 | Abyss:4  | HP: 81/316 [hell hog/fireball (36)]
 84047 | Abyss:4  | HP: 76/316 [wretched star/orb of energy (1)]
 84054 | Abyss:4  | HP: 75/316 [poisoned by a green death (poison arrow)]
 84060 | Abyss:4  | HP: 70/316 [smoke demon/divine providence (9)]
 84065 | Abyss:4  | HP: 63/316 [green death (4)]
 84073 | Abyss:4  | HP: 57/316 [starcursed mass/accursed screaming (6)]
 84081 | Abyss:4  | Reached skill level 9 in Charms
 84094 | Abyss:4  | HP: 50/316 [raiju/living lightning (2)]
 84101 | Abyss:4  | HP: 27/316 [hell hog/fireball (16)]
 84103 | Abyss:4  | Reached skill level 9 in Transmutations
 84113 | Abyss:4  | Gained mutation: [Scrolls take you much longer to read.] [a neqoxec]
 84181 | Abyss:4  | HP: 73/316 [soul eater/drain life (9)]
 84192 | Abyss:4  | HP: 71/316 [soul eater/drain life (2)]
 84208 | Abyss:4  | HP: 65/316 [raiju (5)]
 84217 | Abyss:4  | HP: 57/316 [apocalypse crab (3)]
 84222 | Abyss:4  | HP: 42/316 [poisoned by an apocalypse crab (blast of chaos)]
 84222 | Abyss:4  | HP: 5/316 [ynoxinul/iron shot (36)]
 84222 | Abyss:4  | Killed from afar by a ynoxinul

Skill      XL: |  1  2  3  4  5  6  7  8  9 10 11 12 13 14 15 16 17 18 19 20 21 22 23 24 25 26 27 |
---------------+----------------------------------------------------------------------------------+-----
Fighting       | 1 2 3 4 7 10 12 14 15 16 19 22 | 22.0
Armour         | 4 5 6 7 8 10 11 13 14 15 16 17 20 21 22 | 22.0
Maces & Flails | 2 3 4 |  4.2
Long Blades    | 3 7 9 11 13 14 15 16 17 19 20 | 20.0
Invocations    | 2 5 8 10 12 | 12.0
Evocations     | 4 9 11 12 | 12.0
Dodging        | 4 8 10 12 | 12.0
Throwing       | 3 7 10 | 10.0
Necromancy     | 6 9 10 | 10.6
Hexes          | 5 9 |  9.7
Transmutations | 5 8 9 |  9.0
Charms         | 5 8 9 |  9.1
Spellcasting   | 5 8 9 |  9.2
Bows           | |  1.0
Stealth        | |  1.0

Action                   |  1- 3 |  4- 6 |  7- 9 | 10-12 | 13-15 | 16-18 | 19-21 | 22-24 | 25-27 || total
-------------------------+-------+-------+-------+-------+-------+-------+-------+-------+-------++-------
Melee: Dagger            |   192 |   109 |       |       |       |       |       |       |       ||   301
       Flail             |       |    24 |   112 |       |       |       |       |       |       ||   136
       Falchion          |       |       |   308 |   801 |   438 |       |       |       |       ||  1547
       Kick              |       |       |       |   225 |   168 |   607 |   890 |   725 |   604 ||  3219
       Whip              |       |       |       |    21 |    19 |    45 |       |       |       ||    85
       Hunting sling     |       |       |       |     1 |       |       |       |       |       ||     1
       Great sword       |       |       |       |       |  1052 |  1266 |  1708 |  1370 |   770 ||  6166
       Punch             |       |       |       |       |     3 |     2 |       |       |       ||     5
       Triple sword      |       |       |       |       |       |       |       |       |   368 ||   368
       Unarmed           |       |       |       |       |       |       |       |       |    17 ||    17
 Fire: Hunting sling     |    14 |     8 |     6 |   142 |     4 |       |       |       |       ||   174
Throw: Stone             |    20 |       |       |       |       |       |       |       |       ||    20
       Tomahawk          |     3 |     1 |    11 |    41 |    63 |    13 |       |       |       ||   132
       Javelin           |       |       |       |       |       |       |    11 |     7 |    27 ||    45
 Cast: Portal Projectile |       |       |       |       |       |       |       |       |     3 ||     3
Invok: Heroism           |       |       |       |     5 |    14 |    11 |     6 |     1 |     6 ||    43
       Finesse           |       |       |       |       |       |     2 |       |     1 |     3 ||     6
 Abil: Evoke Flight      |       |       |       |       |       |       |       |     1 |       ||     1
       Evoke Blink       |       |       |       |       |       |       |       |       |     3 ||     3
Evoke: Wand              |       |     7 |     5 |     6 |     3 |    71 |     7 |     2 |     2 ||   103
       Box of beasts     |       |       |       |       |       |       |       |       |     1 ||     1
       Phantom mirror    |       |       |       |       |       |       |       |       |     1 ||     1
  Use: Scroll            |     4 |     3 |     2 |    11 |    14 |    18 |     7 |     8 |    19 ||    86
       Potion            |     1 |       |       |       |       |     4 |     4 |       |     6 ||    15
 Stab: Paralysed         |       |       |       |       |       |     2 |       |       |     2 ||     4
       Invisible         |       |       |       |       |       |     4 |       |       |       ||     4
  Eat: Chunk             |     4 |     4 |    13 |    26 |    50 |    21 |    31 |    32 |    14 ||   195
       Ration            |       |       |     1 |     1 |     1 |     9 |     5 |     4 |     7 ||    28
Armor: Ring mail         |    24 |       |       |       |       |       |       |       |       ||    24
       Chain mail        |    76 |   126 |   284 |       |       |    60 |   587 |       |       ||  1133
       Skin              |     3 |       |       |       |       |       |       |       |     4 ||     7
       Plate armour      |       |       |    37 |   472 |  1177 |  1002 |       |       |   153 ||  2841
       Acid dragon scale |       |       |       |       |       |     7 |       |       |       ||     7
       Crystal plate arm |       |       |       |       |       |       |   336 |   917 |   969 ||  2222
Dodge: Dodged            |    57 |    64 |   162 |   193 |   391 |   500 |   866 |   558 |   781 ||  3572
       Rpst.: Falchion   |       |       |    25 |    45 |    14 |       |       |       |       ||    84
       Great sword       |       |       |       |       |    76 |    75 |   199 |   114 |    70 ||   534
       Triple sword      |       |       |       |       |       |       |       |       |    75 ||    75

Table legend:
 A = Turns spent in this place as a percentage of turns spent in the entire game.
 B = Non-inter-level travel turns spent in this place as a percentage of non-inter-level travel turns spent in the entire game.
 C = Inter-level travel turns spent in this place as a percentage of turns spent in this place.
 D = Turns resting spent in this place as a percentage of non-inter-level travel turns spent in this place.
 E = Turns spent auto-exploring this place as a percentage of non-inter-level travel turns spent in this place.
 F = Non-inter-level travel turns spent in this place divided by the number of levels of this place that you've seen.
                   A       B       C       D       E      F
               +-------+-------+-------+-------+-------+----------------------
         Total | 100.0 | 100.0 |  12.1 |  30.5 |  30.7 | 1214.2
       Dungeon |  25.8 |  23.0 |  21.6 |  26.1 |  40.5 | 1137.7
        Temple |   0.3 |   0.3 |  20.3 |   0.0 |  92.3 | 196.0
          Lair |  13.1 |  12.5 |  15.9 |  31.2 |  33.5 | 1547.5
         Swamp |   6.9 |   7.1 |   9.0 |  36.8 |  32.9 | 1313.2
     Snake Pit |   6.3 |   6.8 |   5.9 |  29.2 |  36.6 | 1253.5
    Slime Pits |   1.5 |   1.6 |   4.4 |  26.4 |   0.0 | 235.4
  Orcish Mines |   3.0 |   3.1 |   9.2 |  42.3 |  14.4 | 1146.0
   Elven Halls |   6.2 |   6.6 |   6.9 |  22.2 |  27.9 | 1624.7
        Vaults |  15.2 |  16.1 |   7.0 |  38.3 |  21.4 | 2387.0
         Crypt |   5.7 |   5.7 |  11.0 |  21.9 |  34.6 | 1416.0
        Depths |   9.9 |  10.4 |   8.5 |  29.9 |  34.6 | 1533.4
          Hell |   1.0 |   1.1 |   2.2 |  29.3 |  34.5 | 851.0
         Abyss |   1.6 |   1.8 |   0.0 |  26.2 |   0.0 | 272.0
      Ice Cave |   1.7 |   2.0 |   0.0 |  55.3 |   7.6 | 1470.0
    Desolation |   1.6 |   1.9 |   0.0 |  21.9 |  14.8 | 1381.0
               +-------+-------+-------+-------+-------+----------------------

Vault maps used:
D:1:      evilmike_arrival_hilbert_curve
D:2:      lemuel_doored_altar, first_ration, minmay_rat_gold_closets
D:3:      marbit_many_paths, chequers_ecumenical_altar_simple,
          minmay_misc_feat_x, evilmike_ruin_ashenzari
D:4:      nicolae_tso_swordbearing_angel, grunt_dithmenos_smoke,
          minmay_temple_entry_trees, serial_undead, serial_undead_b,
          serial_undead_d, serial_undead_d, serial_undead_a, serial_undead_f,
          serial_undead_c, serial_undead_d, serial_undead_e,
          nicolae_ossuary_entry_giza, uniq_ijyb, uniq_menkaure, uniq_sigmund
D:5:      vehumet_altar_wand_db, basic_altar, hangedman_decor_peaks_small,
          grunt_decor_mini_mirrors, led_xom_imps, uniq_eustachio, uniq_pikel
D:6:      makhleb_heckhound_becter, kennysheep_mini, basic_altar,
          dk_rats_in_the_wall
D:7:      lemuel_slime, gammafunk_temple_overflow_elements, basic_altar,
          the_bakery, uniq_joseph
D:8:      erik_lair_island, minmay_crossroads
D:9:      yredelemnul_forgotten_temple_becter,
          nicolae_gozag_cash_rules_everything_around_me, david_orc_3,
          basic_altar, st_stairs_8
D:10:     uniq_urug
D:11:     due_unseen_surprise
D:12:     mrwooster_statue_mirror, st_stairs_6, minmay_misc_feat_tower,
          kennysheep_generic_room_2, uniq_nergalle
D:13:     serial_shops, shop, special_room, st_stairs_11,
          minmay_tree_intersection, uniq_josephine
D:14:     david_vaults_4, dk_noncrumbling_3, basic_altar
D:15:     grunt_enter_depths_magical_seal, grunt_decor_cap, serial_bayou_pond_d
Temple:   dpeg_chambers_temple
Lair:1:   beast_lair_carwin_large_2, grunt_forest_stairs_basic,
          hibernation_bobbens, serial_bayou_shore_b, minmay_lair_oklob_chamber
Lair:2:   lemuel_oklob_altar
Lair:3:   swamp_mist_pool, dummy_snake_entry, portal_ice_cave_entry_ice_beasts
Lair:4:   beast_lair_carwin_1, infiniplex_staircase_pool_2, serial_bayou_shore_a
Lair:5:   serial_bayou_crossing
Lair:6:   evilmike_catoblepas_cave, dpeg_slime_entry_enclosed_altar,
          ebering_ghost_xom
Swamp:1:  evilmike_swamp_ruin_house_6, swamp_pool5, hangedman_swamp_blocks
Swamp:2:  hangedman_swamp_ruin_hall, uniq_roxanne
Swamp:3:  evilmike_swamp_ruin_house_3
Swamp:4:  grunt_swamp_rune_castle, swamp_pool2
Snake:2:  statue_in_the_mist_lemuel
Snake:3:  basic_altar
Snake:4:  minmay_snake_end_coiled, serial_shops, shop_statue, shop_statue,
          special_room, hangedman_corner_corridor
Slime:1:  cheibrodos_slime_lost_civilization_5
Orc:1:    roderic_batcave, uniq_harold
Orc:2:    st_orc_mages, special_room, basic_altar
Elf:1:    minmay_the_grid_octo_tiled_squarecenter, basic_altar, serial_glass,
          glass_columns_b, glass_columns_c, hangedman_elf_disciples
Elf:2:    serial_shops, shop, nicolae_shop_competitors_out_of_business,
          shop_fountains, shop, portal_desolation_entry_salt
Elf:3:    nooodl_elf_gasket, serial_shops, shop, roderic_roman_lattice
Vaults:1: hangedman_vaults_stagger, v_misc_4, ontoclasm_vaults_bender,
          grunt_vaults_swirl, vaults_room_fancy_cross, v_alt_pattern_6,
          vaults_room_semicircle, nicolae_vaults_shelves_hall
Vaults:2: vaults_room_corners, v_misc_5, nicolae_vaults_network_barrier,
          hangedman_vaults_maws, st_cells, nicolae_vaults_diagonal_hallway_7,
          serial_shops, shop
Vaults:3: minmay_crypt_entry_simple_box, hangedman_vaults_corner_blocks,
          hangedman_vaults_trim, v_pattern_2, v_misc_10,
          nicolae_vaults_inception_scallops, nicolae_vaults_triangles,
          vaults_room_door_ring, nicolae_vaults_little_squares_6,
          nicolae_vaults_network_star, hangedman_vaults_nails,
          ontoclasm_vaults_shuriken, nicolae_vaults_little_squares_1
Vaults:4: nicolae_vaults_puzzle_piece, nicolae_vaults_fighting_squares,
          v_misc_1, nicolae_vaults_border_crossing, ontoclasm_vaults_misaligned,
          vaults_room_large_hall, v_misc_17, v_pattern_3, uniq_jory
Vaults:5: uniq_boris
Crypt:1:  gammafunk_sealed_arena, grunt_crypt_arrival_webbed,
          roderic_lattice_octagonal_star
Crypt:3:  quadcrypt_mu
Depths:1: enter_ziggurat_a, hangedman_decor_riveting, serial_co_window_serial,
          co_window_cross_1, co_window_paths_b, co_window_paths_b,
          co_window_corner_a, co_window_paths_a, co_window_corner_a,
          co_window_of_opportunity_a, co_window_cross_4, co_window_2corner,
          co_window_2corner, glass_columns_a, nicolae_trove_entry_diagonal,
          biasface_ghost_demon_polymorph, hell_entry, pan_entry,
          columned_hall_lemuel, minmay_acid_items
Depths:2: minmay_swirls_squares, hellmouth_1, uniq_saint_roka, uniq_sojobo
Depths:3: minmay_sliced_demisemicircle, rand_demon_pan_entry_3, nicolae_wwwww,
          serial_shops, shop, hangedman_coc_ice_floe
Depths:4: minmay_heptahexagon, hell_entry, abyss_entry, kennysheep_crisscross
Depths:5: evilmike_zot_entry_argh, hell_entry, serial_bayou_shore_b
Abyss:2:  hangedman_summoners_spam
Abyss:3:  hangedman_abyss_stitches_cave
Abyss:4:  nicolae_abyss_rune_star_stuff
IceCv:    ice_cave_caverns_01
